Map: 紫晶浪漫-天梯版

Players

iGMacSed (MacSed)

  • Race: Protoss Protoss
  • League: Grandmaster

TIME (Oliveira) - Winner!

  • Race: Terran Terran
  • League: Grandmaster

Event: DreamHack SC2 Masters 2021 Fall

VOD

Have the link to the VOD?

Description

Time

  • Played on: Aug. 6, 2021, 8:08 a.m.
  • Length: 8:53

All games in this series

Show
View Real Time Build Order
Export as new Build Order

iGMacSed Protoss 

Build Orders: 1 Gate Expand, Blink Stalkers 

Get SALT Encoding   

  12  0:00  Probe  
  13  0:12  Probe  
  14  0:17  Pylon  
  14  0:24  Probe (Chrono Boost)  
  15  0:36  Probe (Chrono Boost)  
  15  0:37  Gateway  
  16  0:44  Probe (Chrono Boost)  
  16  0:45  Assimilator  
  17  0:50  Probe  
  18  1:03  Probe  
  19  1:15  Probe  
  20  1:21  Nexus  
  20  1:31  Cybernetics Core  
  20  1:35  Probe  
  20  1:39  Assimilator  
  21  1:47  Probe  
  22  1:49  Pylon  
  22  1:59  Probe  
  23  2:04  Stalker (Chrono Boost)  
  23  2:08  Warp Gate  
  25  2:11  Probe  
  26  2:20  Twilight Council  
  26  2:24  Probe (Chrono Boost)  
  27  2:30  Adept  
  27  2:33  Probe (Chrono Boost)  
  31  2:41  Probe (Chrono Boost)  
  31  2:42  Probe (Chrono Boost)  
  32  2:47  Probe x2 (Chrono Boost)  
  32  2:48  Blink (Chrono Boost), Gateway  
  34  2:59  Probe  
  34  3:01  Probe  
  36  3:11  Probe  
  37  3:13  Probe  
  38  3:23  Probe  
  38  3:25  Probe  
  38  3:26  Gateway  
  40  3:30  Robotics Facility  
  40  3:31  Gateway  
  40  3:36  Probe  
  40  3:37  Probe  
  42  3:43  Pylon  
  42  3:45  Pylon  
  42  3:55  Pylon  
  42  3:56  Stalker x2  
  42  4:02  Probe x2  
  48  4:05  Assimilator  
  49  4:20  Warp Prism (Chrono Boost)  
  49  4:23  Stalker x3  
  56  4:24  Stalker  
  56  4:28  Probe  
  56  4:29  Probe  
  60  4:32  Pylon  
  60  4:40  Probe  
  60  4:54  Stalker x4  
  60  4:57  Pylon  
  60  4:58  Observer  
  69  5:17  Stalker x4  
  77  5:27  Pylon  
  77  5:38  Warp Prism (Chrono Boost)  
  71  5:46  Stalker x4  
  63  6:02  Probe  
  64  6:09  Stalker x3  
  64  6:10  Stalker  
  72  6:15  Pylon  
  72  6:32  Stalker x3  
  78  6:33  Stalker  
  80  6:43  Nexus  
  80  6:55  Stalker  
  80  6:56  Stalker x3  
  52  7:18  Stalker  
  52  7:19  Probe  
  52  7:21  Stalker x3  
  59  7:24  Gateway  
  59  7:25  Probe  
  59  7:26  Gateway  
  59  7:27  Gateway  
  60  7:30  Gateway  
  60  7:38  Probe  
  60  7:39  Pylon  
  61  7:47  Probe  
  61  7:49  Stalker x3  
  61  7:50  Zealot  
  70  7:52  Probe  
  71  7:59  Probe  
  71  8:01  Pylon  
  72  8:08  Probe  
  73  8:13  Stalker x3, Zealot  
  73  8:15  Probe x2  
  83  8:20  Probe  
  83  8:21  Shield Battery  
  84  8:27  Zealot x2, Probe  
Show
View Real Time Build Order
Export as new Build Order

TIME Terran - Winner!

Build Orders: Reaper Expand 

Get SALT Encoding   

  12  0:00  SCV  
  13  0:12  SCV  
  14  0:17  Supply Depot  
  14  0:24  SCV  
  15  0:38  SCV  
  15  0:39  Barracks  
  16  0:43  Refinery  
  16  0:51  SCV  
  17  1:03  SCV  
  18  1:15  SCV  
  19  1:27  Reaper, Orbital Command  
  20  1:39  Command Center  
  20  1:49  Supply Depot  
  20  1:53  SCV  
  21  1:59  Marine  
  22  2:05  SCV  
  22  2:08  Factory  
  23  2:14  Refinery  
  23  2:17  SCV  
  23  2:21  Barracks Reactor  
  24  2:29  SCV  
  25  2:33  Barracks  
  25  2:41  SCV  
  26  2:51  Orbital Command  
  26  2:52  Starport  
  26  2:54  SCV  
  29  2:58  Widow Mine  
  29  3:03  Marine  
  29  3:04  Marine  
  31  3:07  SCV  
  32  3:19  SCV x2  
  36  3:20  Widow Mine  
  36  3:23  Marine x2  
  36  3:24  Barracks Tech Lab  
  37  3:28  Supply Depot  
  37  3:31  Medivac  
  37  3:33  SCV  
  40  3:37  SCV  
  41  3:42  Marine x2, Stimpack  
  41  3:45  Factory Tech Lab  
  41  3:46  SCV  
  44  3:49  SCV  
  44  3:50  Marine  
  46  3:56  Supply Depot  
  46  3:58  SCV  
  46  4:00  Marine  
  46  4:01  SCV  
  49  4:04  Marine  
  49  4:07  Siege Tank  
  49  4:08  Marine  
  54  4:11  Engineering Bay  
  54  4:14  Supply Depot  
  54  4:18  SCV x2  
  54  4:22  Refinery  
  54  4:23  Marine  
  57  4:24  Marine  
  57  4:30  Supply Depot, SCV  
  59  4:31  SCV  
  59  4:35  Marine  
  61  4:39  Siege Tank  
  61  4:42  Supply Depot, SCV  
  65  4:48  Marine x2, Medivac  
  65  4:51  SCV  
  64  4:53  Marine  
  64  4:56  Barracks  
  66  5:00  SCV  
  66  5:02  Terran Infantry Weapons Level 1  
  66  5:03  SCV  
  66  5:05  Marine  
  68  5:08  Refinery  
  68  5:09  Marine  
  70  5:17  Siege Tank  
  70  5:19  Bunker  
  72  5:21  SCV  
  72  5:23  Marauder  
  72  5:24  Marine  
  72  5:25  SCV  
  76  5:31  Supply Depot  
  76  5:32  Marine, Supply Depot  
  76  5:33  SCV  
  78  5:42  Marine  
  50  5:51  SCV x2  
  50  5:52  Siege Tank  
  50  5:53  Marauder  
  50  5:56  Starport Reactor  
  55  5:58  Marine  
  55  6:02  Marine, Barracks Tech Lab  
  57  6:04  SCV  
  57  6:06  SCV  
  59  6:14  Marauder  
  59  6:16  Marine  
  59  6:17  SCV  
  59  6:18  SCV  
  64  6:19  Marine  
  64  6:21  Marauder  
  67  6:29  SCV  
  67  6:30  SCV  
  67  6:32  Factory Reactor  
  69  6:33  Medivac  
  69  6:34  Medivac  
  69  6:35  Marine  
  69  6:37  Marine  
  75  6:41  SCV, Marauder  
  75  6:42  SCV  
  79  6:53  SCV  
  79  6:59  Combat Shield  
  79  7:00  Marauder  
  81  7:01  SCV  
  81  7:05  SCV  
  81  7:07  Marine x2  
  69  7:16  Medivac  
  69  7:17  Medivac  
  69  7:18  SCV x2  
  69  7:20  Barracks Tech Lab  
  69  7:21  Widow Mine x2, Marauder  
  81  7:27  Command Center  
  81  7:31  Marine x2  
  81  7:32  SCV x2  
  81  7:35  Missile Turret  
  84  7:38  Missile Turret  
  84  7:41  Marauder  
  84  7:42  Concussive Shells  
  86  7:44  SCV  
  86  7:46  SCV  
  86  7:49  Marine  
  89  7:56  Marine  
  89  7:57  Marine  
  91  8:00  Medivac x2  
  91  8:03  Marauder  
  91  8:05  Supply Depot  
  97  8:06  SCV  
  97  8:09  Marine  
  96  8:14  Marine, SCV  
  96  8:17  Marine  
  99  8:24  Marauder  
  101  8:27  Marine  
  101  8:31  Widow Mine x2  
  101  8:32  Marine  

Tags
 
Add a new tag
Caveats
  • Supply blocks, unpowered buildings, or Contaminate may cause inaccurate times.
  • Supply counts are checked every 10 seconds.